 Dungeon Crawl Stone Soup version 0.31.0-32-g396128a36d (webtiles) character file.

Game seed: 3854970802104437685

13 KimSungchul the Ducker (level 2, 0/24 HPs)
             Began as a Demigod Gladiator on Apr 1, 2024.
             Slain by Jessica
             ... wielding a +0 club
              (4 damage)
             ... on level 2 of the Dungeon.
             The game lasted 00:12:24 (514 turns).

KimSungchul the Ducker (Demigod Gladiator)           Turns: 514, Time: 00:12:25

Health: 0/24       AC:  4    Str: 15    XL:     2   Next: 12%
Magic:  4/4        EV: 12    Int: 10    God:
Gold:   29         SH:  0    Dex: 15    Spells: 1/1 levels left

rFire   . . .        j - +0 hand axe
rCold   . . .        (no shield)
rNeg    . . .        b - +0 leather armour
rPois   .            c - +0 helmet
rElec   .            (no cloak)
rCorr   .            (no gloves)
SInv    .            (no boots)
Will    .....        (no amulet)
Stlth   +            (no ring)
HPRegen 0.24/turn    (no ring)
MPRegen 0.09/turn

%: no passive effects
@: weak-willed
A: high MP 1, forlorn, divine attributes
a: no special abilities


You were on level 2 of the Dungeon.
You visited 1 branch of the dungeon, and saw 2 of its levels.

You collected 29 gold pieces.

Inventory:

Hand Weapons
 a - a +0 long sword
 h - a +0 dagger
 j - a +0 hand axe (weapon)
 k - a +0 sling
Missiles
 e - a javelin
Armour
 b - a +0 leather armour (worn)
 c - a +0 helmet (worn)
Scrolls
 f - a scroll of poison {unknown}


   Skills:
 + Level 1.8 Fighting
 + Level 2.9 Long Blades
 + Level 1.8 Throwing
 + Level 3.1 Dodging


You had one spell level left.
You didn't know any spells.
Your spell library was empty.

Dungeon Overview and Level Annotations

Branches:
Dungeon (2/15)

Annotations:
D:2 Jessica


Innate Abilities, Weirdness & Mutations

You have an increased reservoir of magic. (+10% MP)
You shall have no god before yourself.
Your divine heritage dramatically boosts your attributes as you level up.


Message History

Okay, then.
Okay, then.
Jessica barely misses you. Jessica closely misses you.
You see here a scroll labelled HILUECI BYPS.
Sorry, you're not good enough to have a special ability.
d - 3 throwing nets (in hand) Jessica hits you with a +0 club.
* * * LOW HITPOINT WARNING * * *
Okay, then.
Throw: 3 throwing nets
Press: ? - help, Q - select action, (/) - cycle Shift-Dir - straight line, f - Jessica
Aim: Jessica, wielding a +0 club and wearing a +2 robe of willpower (54% to hit)
You throw a throwing net.
The throwing net completely misses Jessica.
Jessica barely misses you.
Throw: 2 throwing nets
Press: ? - help, Q - select action, (/) - cycle Shift-Dir - straight line, f/p - Jessica
Aim: Jessica, wielding a +0 club and wearing a +2 robe of willpower (54% to hit)
You throw a throwing net. The throwing net hits Jessica.
Jessica is caught in the net!
Okay, then.
Throw: throwing net
Press: ? - help, Q - select action, (/) - cycle Shift-Dir - straight line, p - Jessica You throw a throwing net.
You are now empty-handed.
Jessica struggles against the net.
You hit Jessica but do no damage.
Jessica struggles against the net.
j - a +0 hand axe (weapon)
Jessica struggles against the net.
You strike the helpless Jessica from behind!
You hit Jessica but do no damage.
Jessica struggles against the net.
You hit Jessica but do no damage.
Jessica gestures wildly while chanting.
Jessica blinks!
Jessica casts a spell at you.
You barely resist. You hit Jessica.
Jessica is heavily wounded.
Jessica hits you with a +0 club.
You die...

#.............
#.#...........
# #.#####.#...
#. #.#... .#.#
#.#...
######.#.#
#.#...
#....).%..
..##
#.(...(.###
#.@@......
#.......##
#.......#
#.......#
#.......#
#.......#
#.?.....#
#.......#
#########


You could see Jessica.

Vanquished Creatures
  A dart slug (D:1)
  A ball python (D:2)
  An endoplasm (D:1)
  A hobgoblin (D:1)
  A quokka (D:1)
  A frilled lizard (D:1)
  2 goblins (D:1)
  4 rats (D:1)
12 creatures vanquished.

Notes
Turn   | Place    | Note
-------+----------+-------------------------------------------
     0 | D:1      | KimSungchul the Demigod Gladiator began the quest for the
                  | Orb.
     0 | D:1      | Reached XP level 1. HP: 17/17 MP: 3/3
   119 | D:1      | Reached skill level 3 in Dodging
   219 | D:1      | Reached XP level 2. HP: 24/24 MP: 4/4
   496 | D:2      | Noticed Jessica
   500 | D:2      | HP: 1/24 [Jessica/+0 club (3)]
   514 | D:2      | Slain by Jessica

Illustrated notes

Levels and vault maps discovered:
D:1:      dpeg_arrival_solitude, layout_basic
D:2:      minmay_chambers_of_ones, layout_basic,
          hellmonk_ecumenical_altar_slurped_away, basic_altar, uniq_jessica

Skill      XL: |  1 |
---------------+----+-----
Dodging        | 3 |  3.1
Fighting       | |  1.8
Long Blades    | |  2.9
Throwing       | |  1.8

Action                     || total
---------------------------++-------
  Melee: Long sword        ||    40
         Punch             ||     1
         Hand axe          ||     3
         Unarmed           ||     1
  Throw: Throwing net      ||     4
    Use: Scroll            ||     2
   Stab: Held in net/web   ||     1
 Armour: Leather armour    ||    56
  Dodge: Dodged            ||    52
